Map: Jagannatha LE

Players

DirtyProtoss

  • Race: Terran Terran
  • League: Diamond

ViBE - Winner!

  • Race: Protoss Protoss
  • League: Diamond

VOD

Have the link to the VOD?

Description

Time

  • Played on: April 12, 2021, 12:50 a.m.
  • Length: 16:32
Show
View Real Time Build Order
Export as new Build Order

DirtyProtoss Terran 

Build Orders:  

Get SALT Encoding   

  12  0:02  SCV  
  13  0:14  SCV  
  13  0:17  Supply Depot  
  14  0:26  SCV  
  15  0:39  SCV  
  16  0:43  Barracks  
  16  0:45  Refinery  
  16  0:51  SCV  
  17  1:01  Barracks  
  17  1:03  SCV  
  18  1:15  SCV  
  19  1:29  Orbital Command  
  19  1:30  Barracks Reactor  
  19  1:35  Supply Depot  
  19  1:48  Barracks Tech Lab  
  19  1:55  SCV  
  19  1:58  Supply Depot  
  20  2:07  Marauder, SCV, Concussive Shells  
  20  2:08  Marine x2  
  25  2:19  SCV  
  26  2:26  Marine x2  
  26  2:28  Marauder  
  30  2:32  SCV  
  31  2:44  SCV  
  32  2:51  Command Center  
  32  2:53  Marine  
  32  2:55  Marine  
  32  2:56  SCV  
  35  3:02  Supply Depot  
  35  3:05  Combat Shield  
  35  3:10  SCV  
  36  3:13  Marine  
  36  3:17  Marine x2  
  39  3:24  SCV  
  40  3:31  Marine  
  40  3:36  Marauder  
  40  3:40  Marine  
  40  3:48  Marine  
  41  3:57  Marauder  
  41  3:58  Marine  
  40  4:14  Command Center  
  40  4:15  Orbital Command  
  38  4:18  SCV  
  38  4:19  Marauder  
  38  4:22  Marine  
  38  4:23  Marine  
  43  4:28  Stimpack  
  43  4:30  SCV  
  44  4:42  SCV  
  44  4:44  SCV  
  46  4:47  Marauder, Marine  
  46  4:48  Marine  
  50  4:54  Engineering Bay  
  50  4:57  SCV x2, Barracks  
  50  4:58  Barracks  
  52  5:05  Marine  
  53  5:09  Marauder  
  53  5:10  SCV  
  53  5:12  Marine  
  53  5:13  SCV  
  57  5:22  SCV  
  57  5:23  Marine  
  57  5:25  SCV  
  57  5:27  Barracks  
  60  5:31  Marauder, Missile Turret  
  60  5:34  Orbital Command, SCV  
  63  5:35  Marine  
  63  5:37  SCV  
  63  5:42  Refinery  
  65  5:44  Marine, Refinery x2  
  65  5:46  Barracks Tech Lab  
  65  5:47  SCV, Barracks Reactor  
  65  5:49  SCV  
  68  5:54  Marine  
  68  5:55  Marauder  
  70  6:02  Marine  
  60  6:04  SCV x3  
  60  6:09  Marine  
  58  6:12  Marine  
  58  6:16  SCV x3, Marine  
  60  6:18  Factory  
  60  6:20  Marine  
  60  6:24  Barracks Reactor  
  61  6:27  Marine  
  61  6:29  SCV  
  61  6:30  Marine  
  61  6:32  Command Center  
  64  6:33  SCV  
  64  6:34  Marauder, SCV  
  64  6:39  Terran Infantry Weapons Level 1  
  68  6:44  Engineering Bay  
  68  6:45  SCV, Marine  
  68  6:46  Marauder, Marine  
  73  6:48  SCV x2  
  73  6:50  Marine  
  77  6:57  Supply Depot  
  77  6:58  Supply Depot  
  77  6:59  SCV  
  77  7:00  SCV, Supply Depot  
  79  7:01  Marine  
  79  7:04  Factory Tech Lab  
  79  7:10  SCV  
  79  7:11  SCV  
  79  7:12  SCV  
  79  7:14  Starport  
  82  7:17  Barracks Reactor  
  82  7:20  Marine  
  82  7:21  Missile Turret, Marauder, Sensor Tower  
  86  7:22  SCV  
  86  7:23  SCV, Marine  
  86  7:27  SCV  
  89  7:31  Marauder, Marine  
  89  7:35  Sensor Tower, SCV, Marine  
  94  7:38  Marine  
  94  7:39  SCV  
  94  7:40  Siege Tank  
  94  7:43  SCV  
  99  7:48  Supply Depot  
  99  7:49  Armory, Terran Infantry Armor Level 1, Marine  
  100  7:56  Medivac  
  102  8:00  Orbital Command  
  102  8:01  SCV  
  102  8:02  Medivac  
  102  8:03  SCV  
  106  8:07  Supply Depot  
  106  8:08  SCV  
  107  8:12  Refinery  
  107  8:13  SCV  
  107  8:15  Marauder, SCV, Marine  
  107  8:16  Refinery  
  107  8:17  Marine  
  113  8:20  SCV  
  113  8:22  Marine  
  113  8:23  Marauder  
  113  8:25  SCV  
  113  8:26  SCV  
  119  8:27  SCV  
  119  8:28  Medivac  
  119  8:29  Supply Depot  
  119  8:32  Factory  
  119  8:33  SCV  
  123  8:36  Marine  
  123  8:37  Marauder, SCV  
  123  8:39  SCV  
  128  8:48  Marauder, Marine x3  
  131  8:49  SCV  
  134  8:56  Supply Depot  
  134  8:58  Marauder  
  136  9:03  SCV x2, Barracks  
  136  9:05  SCV, Starport, Marine  
  136  9:06  Barracks  
  136  9:08  Barracks  
  140  9:11  Marauder, Marine x4  
  140  9:12  Marine  
  140  9:15  SCV  
  148  9:19  Marine  
  148  9:22  Factory Tech Lab  
  148  9:23  Marine  
  150  9:27  SCV  
  150  9:29  Marine x4  
  150  9:30  Marine  
  156  9:34  Marauder  
  156  9:37  Marauder  
  153  9:41  Marine  
  148  9:46  Marine  
  148  9:47  Marine x3  
  148  9:48  Marine  
  150  9:56  Marauder  
  150  9:59  Marauder, Marine  
  154  10:04  Marine x2  
  154  10:05  Marine x3  
  153  10:12  Starport Reactor  
  153  10:14  Barracks Tech Lab x3  
  153  10:17  Marauder, Marine  
  153  10:20  Marauder  
  156  10:22  Marine  
  156  10:28  Marine x2  
  156  10:32  Siege Tank, Marine x2  
  156  10:34  Missile Turret x3, SCV, Marine x2  
  164  10:36  Engineering Bay  
  164  10:43  Terran Vehicle Weapons Level 1, Terran Infantry Weapons Level 2  
  164  10:44  Viking, Marine x2  
  164  10:45  Marauder x2  
  164  10:48  Ghost Academy  
  172  11:02  Refinery x2  
  172  11:05  Marine  
  172  11:06  Marauder x2, SCV, Marine x3  
  172  11:07  Marauder x2, Marine  
  172  11:08  Marine  
  180  11:15  Marauder  
  176  11:18  SCV  
  176  11:22  Marine  
  176  11:24  Marine x3  
  171  11:25  Marine  
  171  11:27  Medivac x2  
  171  11:28  Marauder x2, Enhanced Shockwaves  
  171  11:29  Marauder  
  171  11:31  Marine  
  179  11:33  Marauder  
  179  11:34  Supply Depot  
  179  11:36  Marine  
  176  11:40  Marine  
  176  11:41  Liberator, Marine  
  178  11:49  Marauder  
  178  11:51  Terran Infantry Armor Level 2  
  180  11:56  Ghost  
  180  11:57  Supply Depot  
  180  11:58  Supply Depot  
  180  12:00  Liberator, Supply Depot x2  
  185  12:06  Ghost  
  187  12:15  Command Center  
  187  12:16  SCV  
  187  12:37  Ghost x3  
  187  12:38  Ghost  
  187  12:39  Ghost  
  165  13:01  SCV, Marine  
  165  13:02  Marine x2  
  165  13:03  Marine x2  
  171  13:06  Ghost x3  
  171  13:08  Marauder x2  
  181  13:14  Marine  
  178  13:21  Marine  
  167  13:29  Marauder x2  
  169  13:34  Ghost x2, Viking  
  169  13:35  Marauder  
  169  13:39  Orbital Command  
  174  13:43  Personal Cloaking  
  171  14:04  SCV  
  153  14:23  Marauder, Marine x2  
  121  14:26  Marauder, Marine x2  
  121  14:28  Marine  
  121  14:29  Marauder  
  93  14:36  Marine x2  
  72  14:39  Marine  
  71  14:51  SCV x3  
  74  15:16  Viking x2  
  74  15:18  Viking  
  74  15:21  Ghost  
  80  15:26  Marauder, Marine x2  
  86  15:29  Marine  
  86  15:32  Widow Mine  
  86  15:35  Ghost  
  91  15:37  Marine  
  91  15:42  Marine x2  
  96  15:43  Marauder  
  96  15:47  Marine x2  
  96  15:48  Marauder  
  100  15:51  Ghost  
  100  15:53  Marine  
  103  16:03  Marine x3  
  103  16:04  Marauder, Marine  
  109  16:08  Marauder, Marine x3  
  109  16:11  Marine  
Show
View Real Time Build Order
Export as new Build Order

ViBE Protoss - Winner!

Build Orders: 1 Gate Expand 

Get SALT Encoding   

  12  0:00  Probe  
  13  0:12  Probe  
  14  0:18  Pylon  
  14  0:24  Probe  
  15  0:37  Gateway  
  15  0:39  Probe (Chrono Boost)  
  16  0:44  Assimilator  
  16  0:51  Probe (Chrono Boost)  
  17  0:58  Probe (Chrono Boost)  
  18  1:05  Probe  
  19  1:17  Probe  
  20  1:24  Nexus  
  20  1:38  Cybernetics Core  
  20  1:39  Probe  
  21  1:44  Assimilator  
  21  1:51  Probe  
  22  2:01  Pylon  
  22  2:03  Probe  
  23  2:09  Pylon  
  23  2:15  Warp Gate  
  23  2:19  Probe (Chrono Boost), Stalker  
  26  2:29  Probe (Chrono Boost)  
  27  2:32  Shield Battery  
  27  2:34  Probe (Chrono Boost)  
  28  2:40  Probe  
  29  2:45  Robotics Facility  
  29  2:46  Probe (Chrono Boost)  
  29  2:49  Sentry  
  32  2:53  Probe (Chrono Boost)  
  32  2:58  Probe (Chrono Boost)  
  34  3:03  Pylon  
  36  3:05  Probe x2 (Chrono Boost)  
  36  3:09  Gateway  
  36  3:12  Probe  
  36  3:13  Probe  
  38  3:20  Stalker  
  38  3:25  Probe (Chrono Boost)  
  42  3:30  Probe (Chrono Boost)  
  43  3:35  Probe (Chrono Boost)  
  43  3:38  Probe (Chrono Boost)  
  44  3:48  Probe  
  44  3:49  Probe, Shield Battery  
  44  3:52  Immortal  
  47  4:12  Probe x2  
  47  4:14  Stalker  
  47  4:15  Stalker  
  54  4:24  Probe x2  
  55  4:34  Nexus  
  55  4:36  Observer  
  55  4:37  Pylon  
  56  4:43  Probe x2  
  58  4:47  Assimilator  
  58  4:49  Assimilator  
  58  4:50  Pylon  
  58  4:55  Probe x2  
  60  5:00  Immortal  
  64  5:12  Stalker x2  
  68  5:14  Probe x2  
  70  5:23  Robotics Bay  
  70  5:30  Probe x2  
  70  5:31  Forge  
  70  5:34  Forge  
  73  5:42  Probe  
  73  5:43  Probe  
  73  5:48  Stalker x2  
  79  5:50  Probe  
  79  5:54  Probe  
  79  5:55  Probe  
  79  6:02  Probe  
  74  6:07  Probe x2  
  74  6:14  Probe  
  74  6:16  Colossus  
  81  6:19  Probe x2, Stalker x2  
  81  6:24  Protoss Ground Armor Level 1 (Chrono Boost), Protoss Ground Weapons Level 1 (Chrono Boost)  
  87  6:26  Probe  
  87  6:31  Probe x2  
  90  6:33  Extended Thermal Lance  
  90  6:36  Assimilator  
  90  6:37  Assimilator  
  90  6:38  Probe, Pylon  
  91  6:43  Probe x2, Pylon  
  91  6:46  Pylon  
  93  6:52  Twilight Council  
  93  6:54  Pylon  
  93  6:56  Probe  
  93  6:57  Pylon  
  94  7:01  Stalker x2, Pylon  
  94  7:03  Probe x2  
  94  7:08  Probe  
  101  7:11  Colossus  
  107  7:18  Nexus  
  107  7:19  Pylon  
  107  7:23  Pylon  
  107  7:30  Probe x3  
  110  7:42  Probe x3, Zealot  
  110  7:43  Blink (Chrono Boost), Zealot  
  117  7:52  Gateway x2  
  117  7:54  Probe x2  
  117  7:55  Probe, Gateway  
  117  7:56  Gateway  
  120  7:58  Gateway  
  120  8:01  Gateway  
  120  8:03  Gateway  
  120  8:06  Probe x2, Gateway  
  120  8:11  Probe  
  123  8:16  Colossus  
  123  8:18  Probe x2  
  131  8:20  Templar Archives  
  131  8:23  Probe  
  132  8:29  Assimilator x2, Protoss Ground Weapons Level 2 (Chrono Boost), Zealot x2  
  136  8:46  Probe  
  136  8:47  Probe  
  138  8:50  Nexus  
  138  8:51  Pylon  
  138  8:54  Pylon  
  138  8:58  High Templar x4  
  138  8:59  High Templar x2  
  138  9:00  Zealot x2  
  138  9:01  Zealot x2  
  158  9:02  Archon  
  158  9:03  Archon x2  
  158  9:10  Colossus  
  158  9:15  Pylon  
  159  9:26  Pylon  
  158  9:33  Forge  
  158  9:36  Pylon  
  158  9:37  Charge  
  151  9:39  Pylon  
  151  9:42  Zealot x6  
  151  9:43  Zealot x4  
  158  9:46  Probe x2  
  158  9:47  Probe x2  
  158  9:59  Probe  
  152  10:00  Probe x2  
  152  10:04  High Templar x7  
  167  10:09  Archon x3  
  167  10:12  Probe x3  
  165  10:14  Probe  
  164  10:24  Probe (Chrono Boost)  
  166  10:28  Probe (Chrono Boost)  
  166  10:29  Probe (Chrono Boost)  
  166  10:31  Probe (Chrono Boost)  
  168  10:40  Probe (Chrono Boost)  
  168  10:41  Probe x2 (Chrono Boost)  
  171  10:44  Assimilator  
  171  10:48  Zealot  
  171  10:49  Zealot x9  
  191  10:51  Probe x3 (Chrono Boost)  
  191  10:52  Probe (Chrono Boost)  
  191  10:53  Pylon  
  195  10:57  Pylon  
  195  11:02  Protoss Ground Weapons Level 3 (Chrono Boost)  
  195  11:04  Protoss Ground Armor Level 2 (Chrono Boost)  
  191  11:25  Probe x3  
  194  11:26  Probe  
  193  11:41  Nexus  
  193  11:43  Pylon  
  193  11:44  Probe  
  193  11:45  Probe x3  
  187  11:51  Zealot x5  
  187  11:52  Zealot  
  199  11:58  Photon Cannon  
  199  12:00  Photon Cannon  
  199  12:01  Photon Cannon  
  199  12:02  Shield Battery  
  199  12:04  Photon Cannon x2  
  199  12:06  Shield Battery  
  199  12:07  Photon Cannon  
  199  12:08  Photon Cannon  
  199  12:09  Shield Battery  
  199  12:11  Photon Cannon  
  199  12:12  Probe, Shield Battery  
  200  12:21  Photon Cannon  
  200  12:24  Photon Cannon  
  200  12:25  Shield Battery  
  160  12:57  High Templar x10  
  180  12:59  Probe x4  
  180  13:03  Archon x3  
  180  13:04  Archon  
  183  13:06  Archon  
  183  13:09  Probe  
  183  13:11  Probe x3  
  181  13:30  Stalker x5  
  191  13:39  Protoss Shields Level 1  
  191  13:49  Probe x2  
  191  13:50  Probe  
  191  13:51  Zealot x3  
  184  14:24  Nexus, Colossus, Zealot x10  
  160  14:26  Pylon  
  160  14:29  Pylon  
  143  14:32  Robotics Facility  
  143  14:34  Gateway  
  143  14:36  Gateway  
  129  14:40  Gateway  
  129  14:45  Stalker, Gateway  
  129  14:46  Stalker x9  
  129  14:47  Pylon  
  149  15:04  Photon Cannon  
  149  15:06  Shield Battery, Photon Cannon  
  149  15:18  Zealot  
  149  15:20  Colossus, Zealot x9  
  175  15:31  Assimilator  
  175  15:32  Assimilator  
  175  15:44  Assimilator  
  175  15:48  Assimilator  
  175  16:02  Zealot x9  
  175  16:03  Zealot x4  
  199  16:10  Observer  
Tags
 
Add a new tag
Caveats
  • Supply blocks, unpowered buildings, or Contaminate may cause inaccurate times.
  • Supply counts are checked every 10 seconds.